 Dungeon Crawl Stone Soup version 0.26.1-11-gd32895ea62 (webtiles) character file.

Game seed: 2028849289470444035

239 Zeld the Chopper (level 5, -18/70 HPs)
             Began as a Minotaur Berserker on June 14, 2021.
             Was a Priest of Trog.
             Demolished by an ogre
             ... wielding a cursed +0 giant spiked club
              (23 damage)
             ... on level 3 of the Dungeon.
             The game lasted 00:01:57 (2991 turns).

Zeld the Chopper (Minotaur Berserker)               Turns: 2991, Time: 00:01:57

Health: -18/70     AC:  3    Str: 22    XL:     5   Next: 79%
Magic:  4/4        EV: 13    Int:  4    God:    Trog [***...]
Gold:   111        SH:  0    Dex: 10    Spells: 4/4 levels left

rFire    . . .     SeeInvis .   a - +0 hand axe
rCold    . . .     Faith    .   (no shield)
rNeg     . . .     Spirit   .   b - +0 animal skin
rPois    .         Reflect  .   (helmet restricted)
rElec    .         Harm     .   (no cloak)
rCorr    .         Rampage  .   o - +0 pair of gloves
Will     .....                  (no boots)
Stlth    ..........             (no amulet)
HPRegen  0.21/turn              (no ring)
MPRegen  0.09/turn              (no ring)

@: berserking, very quick
A: retaliatory headbutt, horns 2
a: Renounce Religion, Berserk, Trog's Hand


You were on level 3 of the Dungeon.
You worshipped Trog.
Trog was most pleased with you.
You visited 1 branch of the dungeon, and saw 3 of its levels.

You collected 111 gold pieces.

Inventory:

Hand Weapons
 a - a +0 hand axe (weapon)
Armour
 b - a +0 animal skin (worn)
 o - a +0 pair of gloves (worn)
Jewellery
 g - a +4 ring of evasion {unknown}
Wands
 m - a wand of polymorph (14)
Scrolls
 d - a scroll of remove curse {unknown}
 f - 4 scrolls of identify {unknown}
 h - 3 scrolls of teleportation {unknown}
 k - a scroll of enchant armour {unknown}
 l - a scroll of fog {unknown}
 n - 2 scrolls of random uselessness {unknown}
 p - a scroll of magic mapping {unknown}
 q - a scroll of noise {unknown}
Potions
 c - a potion of haste {unknown}
 e - 2 potions of attraction {unknown}
 i - a potion of curing {unknown}
 j - 2 potions of ambrosia {unknown}


   Skills:
 + Level 4.7 Fighting
 * Level 5.7 Axes
 + Level 3.8 Armour
 + Level 3.6 Dodging


You had 4 spell levels left.
You didn't know any spells.
Your spell library was empty.

Dungeon Overview and Level Annotations

Branches:
Dungeon (3/15)

Altars:


Innate Abilities, Weirdness & Mutations

You reflexively headbutt those who attack you in melee.
You have a pair of horns on your head.


Message History

An ogre is nearby!
You hit the ogre.
The ogre is lightly wounded.
The ogre hits you with a cursed +0 giant spiked club!!
An ogre is nearby!
An ogre is nearby!
You hit the ogre.
The ogre is moderately wounded.
You hit the ogre.
The ogre is heavily wounded.
The ogre hits you with a cursed +0 giant spiked club!!
* * * LOW HITPOINT WARNING * * *
A red film seems to cover your vision as you go berserk!
You feel yourself moving faster!
You feel mighty! The ogre barely misses you.
You slash the ogre!
The ogre is severely wounded.
You barely miss the ogre.
The ogre is severely wounded.
The ogre hits you with a cursed +0 giant spiked club!!
You die...

#
##.##>..+...............'
# #.# #.##.....#...######
# #####....#.# #
........##.# # ##....'..#
# #....#### ## #####....#
.# ####.....#### .#
#....@#### )# #....O# .#
#.....# .# #.....# .#
+....(# .# #.....# .#
#.....# .# ####### .#


You could see an ogre.

Vanquished Creatures
  A centaur (D:2)
  2 orc wizards (D:3)
  4 adders (D:2)
  An ooze (D:2)
  2 dart slugs (D:1)
  6 orcs (D:3)
  A ball python (D:1)
  6 bats
  2 giant cockroaches
  10 goblins
  12 hobgoblins
  2 jackals (D:1)
  A quokka (D:2)
  5 frilled lizards
  3 kobolds
  6 rats
64 creatures vanquished.

Notes
Turn   | Place    | Note
-------+----------+-------------------------------------------
     0 | D:1      | Zeld the Minotaur Berserker began the quest for the Orb.
     0 | D:1      | Reached XP level 1. HP: 19/19 MP: 0/0
   306 | D:1      | Reached skill level 4 in Axes
   306 | D:1      | Reached XP level 2. HP: 20/27 MP: 1/1
   944 | D:1      | Reached ** piety under Trog
  1275 | D:2      | Reached XP level 3. HP: 33/33 MP: 2/2
  1544 | D:2      | Noticed a centaur
  1553 | D:2      | HP: 2/49 [centaur (1)]
  1554 | D:2      | Killed a centaur
  1555 | D:2      | Reached skill level 5 in Axes
  1555 | D:2      | Reached XP level 4. HP: 3/41 MP: 3/3
  2055 | D:2      | Reached XP level 5. HP: 41/47 MP: 4/4
  2898 | D:3      | Reached *** piety under Trog
  2984 | D:3      | Noticed an ogre
  2991 | D:3      | Demolished by an ogre

Illustrated notes

Levels and vault maps discovered:
D:1:      minmay_arrival_semitransparent, layout_loops_corners
D:2:      minmay_diamond_boxcup, layout_basic, serial_corexii_hall,
          corexii_hall_statues_x, chequers_hall_statues_y, minivault_11
D:3:      layout_basic

Skill      XL: |  1  2  3 |
---------------+----------+-----
Axes           | 4 5 |  5.7
Fighting       | 4 |  4.7
Armour         | 3 |  3.8
Dodging        | 3 |  3.6

Action                   |  1- 3 |  4- 6 || total
-------------------------+-------+-------++-------
Melee: Hand axe          |    52 |   103 ||   155
       Headbutt          |     9 |    12 ||    21
Invok: Berserk           |     1 |     2 ||     3
 Stab: Sleeping          |       |     1 ||     1
Armor: Animal skin       |     9 |    17 ||    26
Dodge: Dodged            |    32 |    68 ||   100
